 Dungeon Crawl Stone Soup version 0.23-a0-612-gcb482e9 (webtiles) character file.

14 tilp the Chiller (level 2, -1/19 HPs)
             Began as a Merfolk Ice Elementalist on Dec 21, 2018.
             Killed from afar by Natasha (7 damage)
             ... with a magic dart
             ... on level 2 of the Dungeon.
             The game lasted 00:02:11 (939 turns).

tilp the Chiller (Merfolk Ice Elementalist)          Turns: 939, Time: 00:02:11

Health: -1/19      AC:  2    Str:  8    XL:     2   Next: 41%
Magic:  1/5        EV: 13    Int: 14    God:
Gold:   71         SH:  0    Dex: 14    Spells: 2/5 levels left

rFire    . . .     SeeInvis .   e - +0 dagger
rCold    . . .     Gourm    .   (no shield)
rNeg     . . .     Faith    .   a - +0 robe
rPois    .         Spirit   .   (no helmet)
rElec    .         Reflect  .   (no cloak)
rCorr    .         Harm     .   (no gloves)
MR       .....                  (no boots)
Stlth    ++........             (no amulet)
HPRegen  0.06/turn              (no ring)
MPRegen  0.09/turn              (no ring)

@: very slightly contaminated
A: change form in water, swift swim, stealthy swim
a: no special abilities


You were on level 2 of the Dungeon.
You were not hungry.

You visited 1 branch of the dungeon, and saw 2 of its levels.

You collected 71 gold pieces.

Inventory:

Hand Weapons
 e - a +0 dagger (weapon)
Missiles
 b - 3 needles of sleeping
 n - 20 stones (quivered)
Armour
 a - a +0 robe (worn)
Jewellery
 f - an uncursed ring of stealth {unknown}
 k - an uncursed ring of poison resistance {unknown}
Scrolls
 g - a scroll of remove curse {unknown}
 i - a scroll of fog {unknown}
 l - 2 scrolls of amnesia {unknown}
 q - a scroll of magic mapping {unknown}
Potions
 d - a potion of agility {unknown}
 h - 2 potions of lignification {unknown}
 j - a potion of curing {unknown}
 m - a potion of berserk rage {unknown}
 o - a potion of mutation {unknown}
Comestibles
 c - a ration
 p - a chunk of flesh


   Skills:
 - Level 2.6 Dodging
 - Level 2.1 Stealth
 - Level 2.0 Spellcasting
 - Level 0.7 Conjurations
 + Level 4.1 Ice Magic


You had 2 spell levels left.
You knew the following spells:

 Your Spells              Type           Power        Failure   Level  Hunger
a - Freeze                Ice            ##..         4%          1    ##.....
b - Throw Frost           Conj/Ice       #.....       13%         2    ###....

Your spell library contained the following spells:

 Spells                   Type           Power        Failure   Level  Hunger
 Ozocubu's Armour         Chrm/Ice       #.......     30%         3    ####...
 Throw Icicle             Conj/Ice       #.......     65%         4    #####..
 Summon Ice Beast         Ice/Summ       #.......     69%         4    #####..


Dungeon Overview and Level Annotations

Branches:
Dungeon (2/15)

Altars:

Annotations:
D:2 Natasha


Message History

Natasha is severely wounded.
Natasha misses you.
You barely miss Natasha.
Natasha is severely wounded.
Natasha casts a spell at you. The magic dart hits you!
You hit Natasha.
Natasha is almost dead.
Natasha claws you.
You completely miss Natasha.
Natasha is almost dead.
Natasha closely misses you.
You hit Natasha.
Natasha is almost dead.
Natasha barely misses you.
You hit Natasha.
Natasha is almost dead.
Natasha stares at you and mumbles some strange words.
The magic dart hits you!
You die...

# ###.#
....#
###....#
#.@h...#
#.#)...#
#.#....#
#.#...$#
#.###### #.#
#.# #
#.########.#
#..........#


You could see Natasha.

Vanquished Creatures
  An ooze (D:2)
  A bat (D:1)
  A giant cockroach (D:2)
  A goblin (D:1)
  2 hobgoblins (D:1)
  3 rats (D:1)
9 creatures vanquished.

Notes
Turn   | Place    | Note
-------+----------+-------------------------------------------
     0 | D:1      | tilp the Merfolk Ice Elementalist began the quest for the
                  | Orb.
     0 | D:1      | Reached XP level 1. HP: 13/13 MP: 3/3
   738 | D:2      | Reached XP level 2. HP: 16/19 MP: 0/5
   761 | D:1      | Reached skill level 4 in Ice Magic
   819 | D:2      | Learned a level 2 spell: Throw Frost
   926 | D:2      | Noticed Natasha
   939 | D:2      | Killed from afar by Natasha

Vault maps used:
D:1:      matt_arrival_refuge, minmay_pentomino_w2
D:2:      hangedman_decor_diamond_cutter, uniq_natasha

Skill      XL: |  1  2 |
---------------+-------+-----
Ice Magic      | 4 |  4.1
Dodging        | |  2.6
Stealth        | |  2.1
Spellcasting   | |  2.0
Conjurations   | |  0.7

Action                   || total
-------------------------++-------
Melee: Dagger            ||     8
 Cast: Freeze            ||    19
 Stab: Sleeping          ||     1
Dodge: Dodged            ||    16

Table legend:
 A = Non-vault XP
 B = Vault XP
 C = Vault XP percentage of total XP
 D = Non-vault monster count
 E = Vault monster count
 F = Vault count percentage of total count
                 A         B        C        D         E       F
            +---------+---------+-------+---------+---------+-------
      Total |      17 |       3 |  15.0 |       7 |       2 |  22.2
            +---------+---------+-------+---------+---------+-------
        D:1 |       8 |       3 |  27.3 |       5 |       2 |  28.6
        D:2 |       9 |       0 |   0.0 |       2 |       0 |   0.0
            +---------+---------+-------+---------+---------+-------
